cohdb
Replays
Latest Replays
All Replays
Popular Replays
Top Player Replays
Match Explorer
How It Works
Community
CoH3 Stats
Reddit
Sign in to upload your games and track your stats! →
Sign in with Steam
Match 42539574
Unlisted
Match 42539574
Overview
Messages
Build Orders
End
Selects Australian Defense Battlegroup
Selects Australian Light Infantry Section
Australian Light Infantry Section
Australian Light Infantry Section
Australian Light Infantry Section
Construct Section Command Post
Construct Platoon Command Post
Selects CMP 15cwt Supply Run
CMP 15cwt Supply Run
Infantry Training
Frost233233
Michty Action X
MUDDYBOOTZ
kingkendji99
davidj217
Smith
Jimbo Rustles
Voodoo408
0
0
Comments
sign in to comment!
No comments posted yet!